 Dungeon Crawl Stone Soup version 0.25.1-2-g60ff931df9 (webtiles) character file.

Game seed: 5740783903615050684

287 Garessta the Changer (level 6, 0/38 HPs)
             Began as an Octopode Transmuter on Oct 17, 2020.
             Killed from afar by an orc wizard (7 damage)
             ... with a magic dart
             ... on level 4 of the Dungeon.
             The game lasted 00:10:42 (4755 turns).

Garessta the Changer (Octopode Transmuter)          Turns: 4755, Time: 00:10:42

Health: 0/38       AC:  2    Str: 11    XL:     6   Next: 30%
Magic:  1/9        EV: 19    Int: 16    God:
Gold:   184        SH:  0    Dex: 17    Spells: 3/9 levels left

rFire    . . .     SeeInvis .     - Unarmed
rCold    . . .     Gourm    .   (shield currently unavailable)
rNeg     . . .     Faith    .   (helmet currently unavailable)
rPois    x         Spirit   .   (no amulet)
rElec    .         Reflect  .   (no ring)
rCorr    .         Harm     .   (no ring)
MR       .....                  (no ring)
Stlth    ++........             (no ring)
HPRegen  0.12/turn              (no ring)
MPRegen  0.11/turn              (no ring)
                                (no ring)
                                (no ring)

@: brilliant, spider-form (expiring), slowed, very slow
A: tiny, almost no armour, stealthy swim, (amphibious), 8 rings, (constrict 8)
a: End Transformation


You were on level 4 of the Dungeon.
You were hungry.
You were a venomous arachnid creature.
You visited 1 branch of the dungeon, and saw 4 of its levels.

You collected 184 gold pieces.

Inventory:

Missiles
 a - 24 arrows
Scrolls
 b - a scroll of remove curse
 e - 3 scrolls of amnesia
 f - a scroll of identify
 h - 2 scrolls of enchant armour
Comestibles
 c - 4 rations


   Skills:
 - Level 1.0 Fighting
 - Level 2.0 Dodging
 - Level 3.0 Unarmed Combat
 - Level 2.0 Spellcasting
 + Level 6.4 Transmutations


You had 3 spell levels left.
You knew the following spells:

 Your Spells              Type           Power        Failure   Level  Hunger
a - Beastly Appendage     Tmut           ####..       7%          1    None
b - Sticks to Snakes      Tmut           ####....     9%          2    None
c - Spider Form           Tmut/Pois      ###.......   36%         3    None

Your spell library contained the following spells:

 Spells                   Type           Power        Failure   Level  Hunger
 Blade Hands              Tmut           ####......   61%         5    None
 Ice Form                 Ice/Tmut       ###.....     71%         4    None


Dungeon Overview and Level Annotations

Branches:
Dungeon (4/15)
 Temple: D:4-7

Altars:
Xom
Yredelemnul


Innate Abilities, Weirdness & Mutations

You cannot wear most types of armour.
You are very stealthy in the water. (Stealth+)
((You are amphibious.))
You can wear up to eight rings at the same time.
((You can use your tentacles to constrict eight enemies at once.))
((Your skin changes colour to match your surroundings (Stealth+).))
((Your rubbery body absorbs attacks. (AC +1, EV +1)))


Message History

The orc wizard completely misses you. The orc wizard closely misses you.
You hit the orc wizard.
The orc wizard is poisoned.
The orc wizard is lightly wounded.
The orc wizard closely misses you.
You hit the orc wizard but do no damage.
The orc wizard is moderately wounded.
Your transformation is almost over.
The orc wizard hits you with a +0 dagger.
* * * LOW HITPOINT WARNING * * *
The orc wizard casts a spell.
The orc wizard blinks!
It was a potion of brilliance.
You feel clever all of a sudden. The orc wizard casts a spell at you.
You feel yourself slow down.
You hit the orc.
The orc is poisoned.
The orc is almost dead.
The orc wizard casts a spell at you. The magic dart hits you!
You die...

#......).............
#..........###...#...
#..........###...#
#..........+..####
#..........##.#
##########.##.# #..#
#...).##.#
#..######.###.##.#
#..#o..so.....##.#
#..#.####.######.#
#..#.# #........#
#..#.# ##########
#..#.#
##########..#.#
#...........#.#
#.########.##.#
#.#....# #.##.#


You could see an orc wizard (fast, very poisoned) and an orc (very poisoned).

Vanquished Creatures
  An orc warrior (D:4)
  2 orc priests
  An orc wizard (D:3)
  4 adders
  An ooze (D:1)
  A worm (D:2)
  A dart slug (D:1)
  3 leopard geckos
  7 orcs
  4 bats
  7 giant cockroaches
  3 hobgoblins
  2 jackals (D:2)
  A quokka (D:3)
  4 frilled lizards
  2 goblins (D:1)
  3 kobolds
  7 rats
54 creatures vanquished.

Vanquished Creatures (collateral kills)
  2 adders
2 creatures vanquished.

Grand Total: 56 creatures vanquished

Notes
Turn   | Place    | Note
-------+----------+-------------------------------------------
     0 | D:1      | Garessta the Octopode Transmuter began the quest for the
                  | Orb.
     0 | D:1      | Reached XP level 1. HP: 13/13 MP: 3/3
   272 | D:1      | Reached XP level 2. HP: 17/18 MP: 3/5
   415 | D:1      | Reached skill level 3 in Transmutations
   419 | D:1      | Learned a level 2 spell: Sticks to Snakes
  1103 | D:1      | Reached XP level 3. HP: 10/23 MP: 3/6
  1268 | D:2      | Found a basalt altar of Yredelemnul.
  1727 | D:2      | Reached skill level 4 in Transmutations
  2159 | D:2      | Reached XP level 4. HP: 28/28 MP: 1/7
  3139 | D:2      | Learned a level 3 spell: Spider Form
  3689 | D:3      | Reached skill level 5 in Transmutations
  3689 | D:3      | Reached XP level 5. HP: 30/33 MP: 5/8
  4001 | D:3      | Found a shimmering altar of Xom.
  4713 | D:4      | Noticed an orc warrior
  4739 | D:4      | Killed an orc warrior
  4739 | D:4      | Reached skill level 6 in Transmutations
  4739 | D:4      | Reached XP level 6. HP: 6/38 MP: 2/9
  4755 | D:4      | Killed from afar by an orc wizard

Illustrated notes

Levels and vault maps discovered:
D:1:      kennysheep_arrival_seaside, layout_loops_cross
D:2:      layout_loops_ring, old_standard_altar, serial_forest,
          infiniplex_forest_3_way, infiniplex_forest_lined_3_way,
          infiniplex_forest_fountain, infiniplex_forest_clump_small,
          infiniplex_forest_straight_4, infiniplex_forest_lined_room_2,
          infiniplex_forest_join
D:3:      layout_rooms, xom_teletrap_fun
D:4:      layout_basic, chequers_temple_overflow_statue_of_worship, first_ration

Skill      XL: |  1  2  3  4  5 |
---------------+----------------+-----
Transmutations | 3 4 5 6 |  6.4
Fighting       | |  1.0
Dodging        | |  2.0
Unarmed Combat | |  3.0
Spellcasting   | |  2.0

Action                   |  1- 3 |  4- 6 || total
-------------------------+-------+-------++-------
Melee: Unarmed           |    77 |    68 ||   145
       Constrict         |    17 |    15 ||    32
       Kick              |    11 |    14 ||    25
       Tentacles         |     9 |     8 ||    17
       Punch             |     1 |     1 ||     2
 Cast: Beastly Appendage |    26 |    19 ||    45
       Sticks to Snakes  |     9 |     7 ||    16
       Spider Form       |       |     6 ||     6
  Use: Potion            |     1 |     2 ||     3
       Scroll            |       |     6 ||     6
 Stab: Sleeping          |     3 |     4 ||     7
  Eat: Chunk             |     4 |     7 ||    11
       Ration            |       |     1 ||     1
Armor: Skin              |     8 |     2 ||    10
Dodge: Dodged            |    47 |    56 ||   103
